 Dungeon Crawl Stone Soup version 0.29.1-2-gbd0b4ee654 (webtiles) character file.

Game seed: 3713372416824151813

274 Icepheonix32 the Insei (level 6, -8/38 HPs)
             Began as an Octopode Transmuter on Nov 20, 2022.
             Mangled by a wraith (14 damage)
             ... in an ossuary.
             The game lasted 00:04:06 (3286 turns).

Icepheonix32 the Insei (Octopode Transmuter)        Turns: 3286, Time: 00:04:06

Health: -8/38      AC:  1    Str:  9    XL:     6   Next: 24%
Magic:  18/18      EV: 14    Int: 15    God:
Gold:   133        SH:  0    Dex: 15    Spells: 3/9 levels left

rFire   . . .      SeeInvis .   n - +7 Throatcutter {drain, coup de grace}
rCold   . . .      Faith    .   (no shield)
rNeg    . . .      Spirit   .   (helmet restricted)
rPois   .          Reflect  .   (no amulet)
rElec   .          Harm     .   b - ring of magical power
rCorr   .          Rampage  .   (no ring)
Will    .....                   (no ring)
Stlth   ++........              (no ring)
HPRegen 0.12/turn               (no ring)
MPRegen 0.16/turn               (no ring)
                                (no ring)
                                (no ring)

@: slowed, very slow
A: almost no armour, amphibious, 8 rings, camouflage 1, gelatinous body 1,
(nimble swimmer 1), tentacles
a: no special abilities


You were in an ossuary.
You visited 1 branch of the dungeon, and saw 4 of its levels.
You also visited: Ossuary.

You collected 133 gold pieces.

Inventory:

Hand Weapons
 m - a +1 dagger of venom
 n - the +7 Throatcutter (weapon) {drain, coup de grace}
   (You found it on level 4 of the Dungeon)

   A truly terrible weapon, it drains the life of any living foe it strikes.
   It may instantly kill foes which have little health.
Jewellery
 b - a ring of magical power (left tentacle)
Wands
 g - a wand of quicksilver (9)
 l - a wand of mindburst (12)
 o - a wand of polymorph (7)
Scrolls
 e - a scroll of teleportation
 h - a scroll of enchant weapon {unknown}
 q - 2 scrolls of identify
 r - a scroll of silence
Potions
 a - 2 potions of lignification
 c - a potion of attraction
 d - a potion of ambrosia
 f - 3 potions of heal wounds
 i - a potion of invisibility
 j - 2 potions of cancellation {unknown}
 k - 2 potions of curing {unknown}
 p - a potion of might {unknown}
 s - a potion of experience {unknown}


   Skills:
 - Level 1.0 Fighting
 - Level 0.2(0.4) Short Blades
 + Level 0.3(0.4) Long Blades
 * Level 4.0 Dodging
 + Level 4.9 Unarmed Combat
 - Level 2.0 Spellcasting
 + Level 3.1 Transmutations
 * Level 0.9 Poison Magic


You had 3 spell levels left.
You knew the following spells:

 Your Spells              Type           Power      Damage    Failure   Level
a - Beastly Appendage     Tmut           22%        N/A       6%          1
b - Spider Form           Tmut/Pois      7%         N/A       28%         3
c - Wereblood             Tmut           11%        N/A       9%          2

Your spell library contained the following spells:

 Spells                   Type           Power      Damage    Failure   Level
 Blink                    Tloc           2%         N/A       32%         2
 Sublimation of Blood     Necr           1%         N/A       32%         2
 Lesser Beckoning         Tloc           1%         N/A       54%         3
 Ice Form                 Ice/Tmut       6%         N/A       75%         4
 Manifold Assault         Tloc           1%         N/A       99%         5
 Summon Hydra             Summ           0%         N/A       100%        7


Dungeon Overview and Level Annotations

Branches:
Dungeon (4/15)            Ossuary (1/1)
 Temple: D:4-7

Altars:


Innate Abilities, Weirdness & Mutations

You cannot wear most types of armour.
You are amphibious.
You can wear up to eight rings at the same time.
Your skin changes colour to match your surroundings (Stealth+).
Your rubbery body absorbs attacks. (AC +1, EV +1)
((You are camouflaged when in or above water. (Stealth+)))
You have tentacles for arms and can constrict up to eight enemies at once.


Message History

You slash the orc skeleton!
You destroy the orc skeleton!
You howl as the wereblood boils in your veins!
The orc skeleton hits you but does no damage.
You slash the orc skeleton!
You destroy the orc skeleton!
Your transformation is almost over.
You open the door.
You howl as the wereblood boils in your veins!
There is an open door here.
No target in view!
No target in view!
Your tentacle spike disappears.
Your primal bloodlust is almost over.
You open the door.
A wraith comes into view.
Found nine items.
There is an open door here.
The wraith hits you! The wraith drains your vigour!
You feel yourself slow down.
You slash the wraith! Your squeeze misses the wraith.
The wraith is heavily damaged.
Your primal bloodlust has ended.
The wraith barely misses you. The wraith closely misses you.
The wraith hits you!
You barely miss the wraith.
The wraith is heavily damaged.
The wraith barely misses you. The wraith hits you!
* * * LOW HITPOINT WARNING * * *
The wraith drains your vigour!
You feel as though you will be slow longer.
You slash the wraith!
You squeeze the wraith, but do no damage.
The wraith is severely damaged.
The wraith hits you.
* * * LOW HITPOINT WARNING * * *
The wraith drains your vigour!
You feel as though you will be slow longer.
The wraith hits you!
You die...

###########################
#.........................#
#.∩.....................∩.#
#.......#####+#####.......#
#......##. ....##......#
#.....## ..#####...##.....#
#....## .##...##...##....#
#....# ##.??!.##...#....#
#....+ #.!!!.W@'...'....#
#....# ##.!??.##...#....#
#....## .##...##...##....#
#.....## ..#####...##.....#
#......##. ....##......#
#.......#####+#####.......#
#.∩.....................∩.#
#.........................#
############'''############


You could see a wraith.

Vanquished Creatures
  A sky beast (D:4)
  A wight (D:4)
  A mummy (Ossuary)
  5 adders
  2 dart slugs (D:1)
  8 bats
  6 endoplasms
  2 goblins (D:2)
  3 hobgoblins (D:1)
  4 jackals (D:1)
  4 quokkas
  2 ball pythons
  4 frilled lizards
  5 gnoll skeletons (Ossuary)
  8 kobolds
  7 kobold skeletons (Ossuary)
  13 orc skeletons (Ossuary)
  7 rats
83 creatures vanquished.

Notes
Turn   | Place    | Note
-------+----------+-------------------------------------------
     0 | D:1      | Icepheonix32 the Octopode Transmuter began the quest for
                  | the Orb.
     0 | D:1      | Reached XP level 1. HP: 13/13 MP: 3/3
   151 | D:1      | Reached XP level 2. HP: 4/18 MP: 5/5
   770 | D:1      | Found a faded altar of an unknown god.
   842 | D:1      | Reached XP level 3. HP: 8/23 MP: 6/6
  1792 | D:2      | Reached XP level 4. HP: 28/28 MP: 7/7
  2006 | D:2      | Identified the +1 robe "Kahiohuh" {rCorr Str+3}
  2707 | D:4      | Noticed a sky beast
  2717 | D:4      | Killed a sky beast
  2718 | D:4      | Reached XP level 5. HP: 21/33 MP: 8/8
  2751 | D:4      | Learned a level 3 spell: Spider Form
  2754 | D:4      | Learned a level 2 spell: Wereblood
  2807 | D:4      | Found the +7 Throatcutter {drain, coup de grace}
  2977 | D:4      | Reached XP level 6. HP: 18/38 MP: 9/9
  3039 | D:4      | Found a sand-covered staircase.
  3045 | Ossuary  | Entered an ossuary
  3045 | Ossuary  | Noticed a wraith
  3045 | Ossuary  | Noticed a wraith
  3045 | Ossuary  | Noticed a wraith
  3281 | Ossuary  | Noticed a wraith
  3286 | Ossuary  | Mangled by a wraith

Illustrated notes

Levels and vault maps discovered:
D:1:      ebering_hopf_link, layout_basic, hellmonk_ecumenical_altar_lost_god,
          nicolae_kite_square_tiling_tiny, due_unseen_surprise
D:2:      layout_loops_ring, chequers_avenue
D:3:      minmay_general_purpose_star, layout_basic, serial_shops, shop
D:4:      layout_rooms, lightli_ossuary_entry_decrepit_ruins,
          nicolae_eternal_life, nicolae_shop_self_help
Ossuary:  ossuary_due_mausoleum

Skill      XL: |  1  2  3  4  5  6 |
---------------+-------------------+-----
Unarmed Combat | 4 |  4.9
Dodging        | 3 4 |  4.0
Transmutations | 3 |  3.1
Fighting       | |  1.0
Short Blades   | |  0.2
Long Blades    | |  0.3
Spellcasting   | |  2.0
Poison Magic   | |  0.9

Action                   |  1- 3 |  4- 6 || total
-------------------------+-------+-------++-------
Melee: Unarmed           |    66 |     8 ||    74
       Tentacles         |    15 |    14 ||    29
       Kick              |    10 |    12 ||    22
       Constrict         |    16 |    17 ||    33
       Punch             |     3 |       ||     3
       Dagger            |       |    33 ||    33
       Long sword        |       |    34 ||    34
 Cast: Beastly Appendage |    13 |    11 ||    24
       Wereblood         |       |     3 ||     3
Evoke: Wand              |       |     1 ||     1
  Use: Scroll            |     3 |     3 ||     6
       Potion            |       |     2 ||     2
 Stab: Sleeping          |     7 |     5 ||    12
Armor: Skin              |     4 |     7 ||    11
Dodge: Dodged            |    46 |    49 ||    95
